 Dungeon Crawl Stone Soup version 0.17.1-1-g73c8601 (webtiles) character file.

493 Goblin1989 the Insei (level 6, -1/47 HPs)
             Began as a Demonspawn Monk on Dec 24, 2015.
             Was a Priest of Makhleb.
             Slain by a killer bee (5 damage)
             ... on level 5 of the Dungeon.
             The game lasted 00:17:55 (5182 turns).

Goblin1989 the Insei (Demonspawn Monk)              Turns: 5182, Time: 00:17:55

Health: -1/47      AC:  4    Str: 11    XL:     6   Next: 92%
Magic:  0/8        EV: 13    Int: 14    God:    Makhleb [***...]
Gold:   203        SH:  2    Dex: 15    Spells: 1 memorised, 2 levels left

rFire  . . .     SeeInvis .       - Unarmed
rCold  . . .     Clarity  .     a - +0 robe
rNeg   . . .     SustAt   .     (no shield)
rPois  .         Gourm    .     (no helmet)
rElec  .         Spirit   +     (no cloak)
rCorr  .         Warding  .     (no gloves)
rMut   .         Stasis   .     (no boots)
MR     .....                    (no amulet)
Stlth  +++.......               (no ring)
                                l - ring of stealth

@: lethally poisoned (-1 -> -12), not resistant to hostile enchantments, fairly
stealthy
A: large bone plates 1, magic shield, rot immunity
a: Minor Destruction, Lesser Servant of Makhleb, Renounce Religion


You were on level 5 of the Dungeon.
You worshipped Makhleb.
Makhleb was most pleased with you.
You were not hungry.

You visited 1 branch of the dungeon, and saw 5 of its levels.

You collected 203 gold pieces.

Inventory:

Hand Weapons
 d - a +1 arbalest of flaming
Missiles
 e - 15 bolts
Armour
 a - a +0 robe (worn)
Jewellery
 l - a ring of stealth (left hand)
 n - an uncursed amulet of the gourmand {unknown}
 o - an uncursed ring of magical power {unknown}
Scrolls
 f - 4 scrolls of identify
 j - a scroll of remove curse
Potions
 c - a potion of invisibility {unknown}
 g - a potion of agility {unknown}
 h - 2 potions of brilliance
 i - a potion of curing {unknown}
 k - a potion of ambrosia {unknown}
Books
 p - a book of Battle

   Spells                             Type                      Level
   a - Infusion                       Charms                       1
   b - Shroud of Golubria             Charms/Translocation         2
   c - Song of Slaying                Charms                       2
   d - Spectral Weapon                Hexes/Charms                 3
   e - Regeneration                   Charms/Necromancy            3
 q - a book of Fire

   Spells                             Type                      Level
   a - Ignite Poison                  Fire/Transmutation/Poison    3
   b - Fireball                       Conjuration/Fire             5
   c - Bolt of Fire                   Conjuration/Fire             6
   d - Delayed Fireball               Conjuration/Fire             7
   e - Ring of Flames                 Charms/Fire                  7
Comestibles
 b - 5 bread rations
 m - 2 beef jerkies


   Skills:
 - Level 3.0 Fighting
 - Level 2.6 Dodging
 - Level 1.7 Stealth
 * Level 6.9 Unarmed Combat
 + Level 0.8 Charms
 + Level 1.0 Necromancy
 + Level 3.6 Invocations


You had 2 spell levels left.
You knew the following spells:

 Your Spells              Type           Power        Failure   Level  Hunger
a - Regeneration          Chrm/Necr      #.........   73%         3    ####...


Dungeon Overview and Level Annotations

Branches:
Dungeon (5/15)             Temple (0/1) D:5

Altars:
Ashenzari
Elyvilon
Gozag
Makhleb
Nemelex Xobeh
Okawaru
Qazlal
Trog
Zin

Shops:
D:4 (

Annotations:
D:3 Britaniac's ghost, amateur DEFE
D:4 Grinder


Innate Abilities, Weirdness & Mutations

You are partially covered in large bone plates (AC +2, SH +2).
When hurt, damage is shared between your health and your magic reserves.
You are immune to rotting.


Message History

The killer bee poisons you! The killer bee stings you.
* * * LOW HITPOINT WARNING * * *
A quokka zombie comes into view.
You barely miss the killer bee.
The killer bee is severely wounded.
You feel sick. The killer bee misses you.
You hit the killer bee.
The killer bee is severely wounded.
The killer bee stings you.
* * * LOW HITPOINT WARNING * * *
You are lethally poisoned!
The killer bee poisons you! The killer bee misses you.
The orc wizard casts a spell.
The orc wizard flickers and vanishes!
Deactivating autopickup; reactivate with Ctrl-A.
You closely miss the killer bee.
The killer bee is severely wounded.
* * * LOW HITPOINT WARNING * * *
You feel sick. The killer bee stings you.
You die...

#####..........#
#..##.........># .
#####..##..........# .o.
.......#...<......#
..y.#.Z.........########
.s....###y###.........# .....8
##@# #.........# ..... ####..#
#.........# o....##....##
#.........#
=..Z.......#####.........#
...........###...........#
...............##..#.........#
...............#..##.........#
.................###.........#
...............###....##.#####


You could see a scorpion, 3 killer bees, an orc and a quokka zombie.

Vanquished Creatures
  An ogre (D:5)
  2 scorpions (D:4)
  2 killer bees (D:5)
  3 worker ants
  A hound zombie (D:5)
  A gnoll (D:1)
  7 adders
  An ooze (D:3)
  A worm (D:4)
  2 giant geckos
  4 orcs
  5 bats
  4 giant cockroaches
  8 goblins
  5 hobgoblins
  5 jackals (D:1)
  A quokka (D:3)
  2 ball pythons
  6 giant newts
  6 kobolds
  2 quokka skeletons (D:4)
  10 rats
79 creatures vanquished.

Notes
Turn   | Place    | Note
--------------------------------------------------------------
     0 | D:1      | Goblin1989 the Demonspawn Monk began the quest for the Orb.
     0 | D:1      | Reached XP level 1. HP: 18/18 MP: 1/1
   232 | D:1      | Reached skill level 4 in Unarmed Combat
   256 | D:1      | Gained mutation: When hurt, damage is shared between your health and your magic reserves. [demonic ancestry]
   256 | D:1      | Reached XP level 2. HP: 14/24 MP: 2/2
   915 | D:1      | Gained mutation: You are partially covered in large bone plates (AC +2, SH +2). [demonic ancestry]
   915 | D:1      | Reached XP level 3. HP: 15/29 MP: 0/3
  1327 | D:2      | Found a sparkling altar of Nemelex Xobeh.
  1426 | D:2      | Reached skill level 5 in Unarmed Combat
  1664 | D:2      | Reached XP level 4. HP: 22/35 MP: 4/4
  1941 | D:2      | Found a burning altar of Makhleb.
  1966 | D:2      | Became a worshipper of Makhleb the Destroyer
  1966 | D:2      | Reached * piety under Makhleb
  1966 | D:2      | Reached ** piety under Makhleb
  2243 | D:2      | Found a bloodstained altar of Trog.
  2783 | D:2      | Found a glowing silver altar of Zin.
  2783 | D:2      | Found an opulent altar of Gozag.
  2991 | D:3      | Reached skill level 1 in Invocations
  3111 | D:3      | Noticed Britaniac's ghost (amateur DEFE)
  3467 | D:3      | Found a white marble altar of Elyvilon.
  3507 | D:3      | Gained mutation: You are immune to rotting. [demonic ancestry]
  3507 | D:3      | Reached XP level 5. HP: 17/41 MP: 3/6
  4035 | D:4      | Reached skill level 6 in Unarmed Combat
  4045 | D:4      | Noticed a water elemental
  4047 | D:4      | Found a stormy altar of Qazlal.
  4049 | D:4      | Noticed a fire elemental
  4050 | D:4      | Noticed an air elemental
  4379 | D:4      | Reached XP level 6. HP: 33/47 MP: 5/8
  4593 | D:4      | Found a shattered altar of Ashenzari.
  4613 | D:4      | Found an iron altar of Okawaru.
  4833 | D:4      | Found Xoramiwk's Antique Weapon Shoppe.
  4935 | D:4      | Noticed Grinder
  4996 | D:5      | Entered Level 5 of the Dungeon
  5062 | D:5      | Learned a level 3 spell: Regeneration
  5121 | D:5      | Reached *** piety under Makhleb
  5142 | D:5      | Found a staircase to the Ecumenical Temple.
  5174 | D:5      | Reached skill level 1 in Necromancy
  5182 | D:5      | Slain by a killer bee

Action                   |  1- 3 |  4- 6 || total
-------------------------+-------+-------++-------
Melee: Unarmed           |   130 |   248 ||   378
 Fire: Arbalest          |       |     2 ||     2
  Use: Scroll            |       |     8 ||     8
 Stab: Sleeping          |     1 |     7 ||     8
       Distracted        |       |     1 ||     1
  Eat: Chunk             |     1 |     7 ||     8
       Beef jerky        |       |     1 ||     1
       Bread ration      |       |     1 ||     1
